 Dungeon Crawl Stone Soup version 0.31-a0-986-g5e6e4ef867 (webtiles) character file.

Game seed: 16735772836965571763

289 Getoffmy the Twirler (level 6, -1/51 HPs)
             Began as a Formicid Fighter on Nov 12, 2023.
             Was a Follower of Trog.
             Succumbed to a water moccasin's poison
             ... on level 3 of the Dungeon.
             The game lasted 00:04:41 (2255 turns).

Getoffmy the Twirler (Formicid Fighter)             Turns: 2255, Time: 00:04:42

Health: -1/51      AC:  9    Str: 23    XL:     6   Next: 58%
Magic:  6/6        EV:  8    Int:  7    God:    Trog [*.....]
Gold:   34         SH:  6    Dex: 19    Spells: 5/5 levels left

rFire   . . .        f - +0 lajatang
rCold   . . .        c - +0 buckler
rNeg    . . .        s - +0 chain mail
rPois   .            (helmet unavailable)
rElec   .            (no cloak)
rCorr   .            (no gloves)
SInv    +            (no boots)
Will    .....        (no amulet) Stlth
                     i - +6 ring of dexterity
HPRegen 0.28/turn    (no ring)
MPRegen 0.10/turn

%: no passive effects
@: mighty, lethally poisoned (-1 -> -13), attractive
A: permanent stasis, dig shafts and tunnels, antennae 3, four strong arms
a: Dig, Shaft Self, Renounce Religion


You were on level 3 of the Dungeon.
You worshipped Trog.
Trog was aware of your devotion.
You visited 1 branch of the dungeon, and saw 3 of its levels.

You collected 34 gold pieces.

Inventory:

Hand Weapons
 a - a +0 quarterstaff
 f - a +0 lajatang (weapon)
Missiles
 e - 11 poisoned darts
 j - 2 boomerangs
Armour
 c - a +0 buckler (worn)
 s - a +0 chain mail (worn)
Jewellery
 i - a +6 ring of dexterity (left hand)
Wands
 k - a wand of mindburst (20)
Scrolls
 g - 3 scrolls of acquirement {unknown}
 h - 5 scrolls of identify {unknown}
 n - a scroll of immolation {unknown}
 o - 2 scrolls of blinking {unknown}
 q - a scroll of teleportation {unknown}
 r - 2 scrolls of fear {unknown}
 t - a scroll of poison {unknown}
 u - a scroll of summoning {unknown}
 v - a scroll of enchant weapon {unknown}
 x - a scroll of noise {unknown}
Potions
 b - a potion of invisibility {unknown}
 l - 2 potions of magic {unknown}
 m - a potion of enlightenment {unknown}
 p - a potion of attraction
 w - a potion of resistance {unknown}


   Skills:
 + Level 5.0 Fighting
 * Level 5.2 Staves
 - Level 3.4 Armour
 - Level 4.1 Shields


You had 5 spell levels left.
You didn't know any spells.
Your spell library contained the following spells:

 Spells                   Type           Power      Damage    Failure   Level
 Ensorcelled Hibernation  Hex/Ice        0%         N/A       99%         2
 Passwall                 Tmut/Erth      0%         N/A       99%         2
 Stone Arrow              Conj/Erth      0%         3d7       100%        3
 Animate Armour           Summ/Erth      0%         N/A       100%        4
 Lehudib's Crystal Spear  Conj/Erth      0%         10d2      100%        8
 Swiftness                Air            Unusable   N/A       N/A         3

Dungeon Overview and Level Annotations

Branches:
Dungeon (3/15)

Altars:
Trog

Shops:
D:3 :

Annotations:
D:3 3 runed translucent doors, pigah's ghost, amateur OpSh


Innate Abilities, Weirdness & Mutations

You cannot be hasted, slowed, berserked, paralysed or teleported.
You can dig through walls and to a lower floor.
You have a pair of large antennae on your head. (SInv)
Your four strong arms can wield two-handed weapons with a shield.


Message History

The water moccasin is severely wounded.
You feel sick. The water moccasin bites you.
* * * LOW HITPOINT WARNING * * *
You barely miss the water moccasin.
The water moccasin is severely wounded.
You feel sick. You block the water moccasin's attack.
The water moccasin barely misses you.
You barely miss the water moccasin.
The water moccasin is severely wounded.
You feel sick. You block the water moccasin's attack.
The water moccasin bites you.
* * * LOW HITPOINT WARNING * * *
You hit the water moccasin.
The water moccasin is severely wounded.
You feel sick.
You are no longer poisoned.
The water moccasin misses you.
You closely miss the water moccasin.
The water moccasin is severely wounded.
The water moccasin bites you.
* * * LOW HITPOINT WARNING * * *
The water moccasin bites you but does no damage.
You feel very mighty all of a sudden. The water moccasin barely misses you.
You hit the water moccasin but do no damage.
The water moccasin is severely wounded.
The water moccasin bites you but does no damage.
The water moccasin closely misses you.
You completely miss the water moccasin.
The water moccasin is severely wounded.
The water moccasin bites you but does no damage. x2
You closely miss the water moccasin.
The water moccasin is severely wounded.
The water moccasin bites you.
* * * LOW HITPOINT WARNING * * *
You are lethally poisoned!
The water moccasin poisons you!
It was a potion of attraction.
You feel attractive to monsters.
You die...

#.....#...#...#...#.........####.
####..#...#...##..#...........##.
#.....###.###..#..####.###.#.##.
##.##...........#....##.###.#.##.
.......##....#..#....##.##..#.###
##.............##...###.##.##.###
##...........#..#######....#.....
##.........#+##.##......(........
##.####.........@#.####..########
...####........#S#.# #..........
......#........#...#####.####..##
......######+####......#.# #. #
......# ##.....#.# # # ......#
.......# # ......# ......# ##
......## ......# #..#. .......#
......# #....


You could see a water moccasin.

Vanquished Creatures
  Sigmund (D:3)
  5 adders
  3 worms
  6 dart slugs
  7 endoplasms
  3 giant cockroaches
  6 goblins
  6 hobgoblins
  2 jackals (D:1)
  10 kobolds
  A quokka (D:2)
  4 ball pythons
  4 bats
  3 frilled lizards
  7 rats
68 creatures vanquished.

Notes
Turn   | Place    | Note
-------+----------+-------------------------------------------
     0 | D:1      | Getoffmy the Formicid Fighter began the quest for the Orb.
     0 | D:1      | Reached XP level 1. HP: 18/18 MP: 1/1
   106 | D:1      | Reached XP level 2. HP: 24/24 MP: 2/2
   463 | D:1      | Reached XP level 3. HP: 29/29 MP: 3/3
  1172 | D:2      | Reached XP level 4. HP: 29/37 MP: 4/4
  1857 | D:3      | Found a faded altar of an unknown god.
  1862 | D:3      | Prayed at the altar of an unknown god.
  1862 | D:3      | Became a worshipper of Trog the Wrathful
  1862 | D:3      | Reached * piety under Trog
  1913 | D:3      | Reached XP level 5. HP: 42/42 MP: 5/5
  1975 | D:3      | Noticed Sigmund
  1980 | D:3      | Killed Sigmund
  1981 | D:3      | Reached skill level 5 in Fighting
  1981 | D:3      | Reached skill level 5 in Staves
  1981 | D:3      | Reached XP level 6. HP: 41/51 MP: 6/6
  2087 | D:3      | Found Hocvif's Book Emporium.
  2141 | D:3      | Found a runed translucent gate.
  2141 | D:3      | Found a runed translucent gate.
  2141 | D:3      | Found a runed translucent gate.
  2141 | D:3      | Noticed pigah's ghost (amateur OpSh)
  2230 | D:3      | Noticed a water moccasin
  2254 | D:3      | HP: 2/51 [water moccasin (5)]
  2255 | D:3      | Succumbed to a water moccasin's poison

Illustrated notes

Levels and vault maps discovered:
D:1:      zelgadis_glass_arrival_small, layout_loops_corners
D:2:      layout_loops_ring
D:3:      layout_basic, shapermc_ecumenical_altar_acropolis, serial_shops, shop,
          biasface_ghost_orc_armoury, nrook_loot_triangle, nicolae_titane,
          uniq_sigmund

Skill      XL: |  1  2  3  4  5 |
---------------+----------------+-----
Staves         | 3 5 |  5.2
Fighting       | 4 5 |  5.0
Armour         | |  3.4
Shields        | |  4.1

Action                     |  1- 3 |  4- 6 || total
---------------------------+-------+-------++-------
  Melee: Quarterstaff      |     5 |       ||     5
         Lajatang          |    97 |   112 ||   209
    Use: Potion            |       |     3 ||     3
 Armour: Scale mail        |    69 |    19 ||    88
         Chain mail        |       |    57 ||    57
  Dodge: Dodged            |    33 |    43 ||    76
  Block: Buckler           |    24 |    25 ||    49

Table legend: (Time is in decaauts)
 A = Elapsed time spent in this place.
 B = Non-inter-level travel time spent in this place.
 C = Inter-level travel time spent in this place.
 D = Time resting spent in this place.
 E = Time spent auto-exploring this place.
 F = Levels seen in this place.
 G = Mean time per level.
                   A        B        C        D        E       F      G
               +--------+--------+--------+--------+--------+-----+--------+
         Total |   2312 |   2174 |    138 |     30 |   1522 |   3 |  770.7 |
       Dungeon |   2312 |   2174 |    138 |     30 |   1522 |   3 |  770.7 |
               +--------+--------+--------+--------+--------+-----+--------+

Top non-repeatable levels by time:
     D:1: 1085 daAuts
     D:2: 762 daAuts
     D:3: 464 daAuts
